 Dungeon Crawl Stone Soup version 0.28-a0-1520-gc3277d3759 (webtiles) character file.

Game seed: 5109673963621603092

9725 funkygono the Thaumaturge (level 11, -3/74 HPs)
             Began as a Human Fire Elementalist on Jan 17, 2022.
             Was a Believer of Vehumet.
             Slain by a vault guard (14 damage)
             ... in a bailey.
             The game lasted 00:24:07 (12211 turns).

funkygono the Thaumaturge (HuFE)                   Turns: 12211, Time: 00:24:07

Health: -3/74      AC: 11    Str: 15    XL:     11   Next: 79%
Magic:  15/34      EV: 11    Int: 23    God:    Vehumet [**....]
Gold:   561        SH:  0    Dex: 14    Spells: 14/30 levels left

rFire   . . .      SeeInvis +   w - +8 mithril axe "Arga" {speed, Will+}
rCold   . . .      Faith    .   (no shield)
rNeg    . . .      Spirit   .   t - +0 ring mail of the Nexus {rCorr Str+7 Int+3}
rPois   .          Reflect  .   B - +0 helmet
rElec   .          Harm     .   (no cloak)
rCorr   +          Rampage  .   A - +1 Delatra's gloves {ID++}
Will    +....                   z - +0 pair of boots
Stlth   +.........              x - amulet of the acrobat
HPRegen 0.22/turn               j - ring of see invisible
MPRegen 0.24/turn               m - ring of magical power

@: no status effects
A: no striking features
a: Renounce Religion


You were in a bailey.
You worshipped Vehumet.
Vehumet was pleased with you.
You visited 2 branches of the dungeon, and saw 11 of its levels.
You also visited: Bailey.

You collected 561 gold pieces.

Inventory:

Hand Weapons
 b - a +0 whip
 o - a +1 flail of venom
 q - a +1 whip of freezing
 v - a +2 vampiric flail
 w - the +8 mithril axe "Arga" (weapon) {speed, Will+}
   (You found it on level 4 of the Dungeon)

   Attacks with this weapon are significantly faster.
   Will:      It increases your willpower.
Missiles
 d - 87 stones (quivered)
Armour
 a - a +0 robe
 f - a +0 leather armour
 r - the +0 scale mail "Ociseb" {MP+9}
   (You found it on level 3 of the Dungeon)

   MP:        It affects your magic capacity (+9).
 s - a +0 robe of resistance
 t - the +0 ring mail of the Nexus (worn) {rCorr Str+7 Int+3}
   (You found it on level 4 of the Dungeon)

   Str:       It affects your strength (+7).
   Int:       It affects your intelligence (+3).
   rCorr:     It protects you from acid and corrosion.
 y - a +2 robe of willpower
 z - a +0 pair of boots (worn)
 A - the +1 Delatra's gloves (worn) {ID++}
   (You found it on level 7 of the Dungeon)

   It heals its wearer when they drink unknown potions.
   It restores its wearer's MP when they read unknown scrolls.
 B - a +0 helmet (worn)
Magical Staves
 D - a staff of conjuration
Jewellery
 j - a ring of see invisible (left hand)
 m - a ring of magical power (right hand)
 x - an amulet of the acrobat (around neck)
 C - a ring of fire
 E - a ring of ice
Wands
 i - a wand of acid (2)
 l - a wand of flame (20)
Scrolls
 c - 4 scrolls of teleportation
 n - 2 scrolls of amnesia
 F - a scroll of magic mapping
Potions
 e - 3 potions of haste
 g - a potion of might
 h - 2 potions of cancellation
 p - 2 potions of mutation {unknown}
 u - a potion of lignification


   Skills:
 + Level 2.6 Fighting
 + Level 4.0 Axes
 + Level 0.1(2.4) Maces & Flails
 * Level 5.6 Armour
 + Level 3.3 Dodging
 - Level 2.0 Stealth
 * Level 10.0 Spellcasting
 * Level 7.2 Conjurations
 * Level 9.7 Fire Magic


You had 14 spell levels left.
You knew the following spells:

 Your Spells              Type           Power      Damage    Failure   Level
a - Foxfire               Conj/Fire      100%       2x1d9     1%          1
b - Scorch                Fire           100%       2d10      1%          2
c - Conjure Flame         Conj/Fire      50%        6-21      1%          3
d - Flame Wave            Conj/Fire      50%        2d9       3%          4
e - Starburst             Conj/Fire      25%        6d8       43%         6

Your spell library contained the following spells:

 Spells                   Type           Power      Damage    Failure   Level
 Stone Arrow              Conj/Erth      56%        3d10      7%          3
 Inner Flame              Hex/Fire       34%        N/A       4%          3
 Dazzling Flash           Conj/Hex       56%        N/A       7%          3
 Animate Skeleton         Necr           22%        N/A       11%         1
 Apportation              Tloc           22%        N/A       11%         1
 Summon Small Mammal      Summ           44%        N/A       11%         1
 Iskenderun's Mystic Bla  Conj/Tloc      28%        2d7       24%         4
 Tukima's Dance           Hex            11%        N/A       30%         3
 Animate Armour           Summ/Erth      22%        N/A       71%         4
 Passage of Golubria      Tloc           11%        N/A       71%         4
 Blade Hands              Tmut           5%         N/A       96%         5
 Yara's Violent Unravell  Hex/Tmut       5%         3d4       96%         5
 Iron Shot                Conj/Erth      14%        9d4       98%         6


Dungeon Overview and Level Annotations

Branches:
Dungeon (10/15)            Temple (1/1) D:7             Orc (0/2) D:9
 Bailey (1/1)
   Lair: D:8-11

Altars:
Ashenzari
Cheibriados
Dithmenos
Elyvilon
Fedhas
Gozag
Kikubaaqudgha
Makhleb
Nemelex Xobeh
Okawaru
Qazlal
Ru
Sif Muna
Trog
Uskayaw
Vehumet
Wu Jian
Xom
Yredelemnul
Zin
The Shining One
Beogh

Shops:
D:3 *   D:6 *   D:10 :[![

Annotations:
D:6 3 runed translucent doors, p0werm0de's ghost, novice MiCK
D:7 3 runed translucent doors, esteth's ghost, novice HOGl


Message History

Confirm with . or Enter, or press ? or * to list all spells.
Flames lash the vault guard.
The vault guard is burned terribly!
The vault guard is moderately wounded.
The foxfire hits the vault guard but does no damage.
The vault guard is moderately wounded.
The vault guard hits you with a +0 broad axe!
Casting: Scorch (safe; 1% risk of failure)
Confirm with . or Enter, or press ? or * to list all spells.
Flames lash the vault guard.
The vault guard is burned terribly!
The vault guard is moderately wounded.
The vault guard hits you with a +0 broad axe.
Unknown command.
Casting: Scorch (safe; 1% risk of failure)
Confirm with . or Enter, or press ? or * to list all spells.
Flames lash the vault guard.
The vault guard is burned terribly!
The vault guard is heavily wounded.
The vault guard hits you with a +0 broad axe!
Unknown command.
Casting: Scorch (safe; 1% risk of failure)
Confirm with . or Enter, or press ? or * to list all spells.
Flames lash the vault guard.
The vault guard is burned terribly!
The vault guard is heavily wounded.
The vault guard barely misses you.
Unknown command.
Casting: Scorch (safe; 1% risk of failure)
Confirm with . or Enter, or press ? or * to list all spells.
Flames lash the vault guard.
The vault guard is burned terribly!
The vault guard is almost dead.
The vault guard hits you with a +0 broad axe!
* * * LOW HITPOINT WARNING * * *
Unknown command.
Casting: Scorch (safe; 1% risk of failure)
Confirm with . or Enter, or press ? or * to list all spells.
Flames lash the vault guard.
The vault guard is burned terribly!
The vault guard is almost dead.
The vault guard hits you with a +0 broad axe!
* * * LOW HITPOINT WARNING * * *
You feel better.
The vault guard hits you with a +0 broad axe!
You die...

###### ###@p.≈#
##≈.≈#..≈≈# ##≈≈.≈# ...≈#
#≈≈≈.≈## ...#
#####≈..≈≈###!!#########
....##.≈.≈≈≈####≈≈#....##
.....#..≈.≈≈≈≈≈≈≈≈#.....#
..∩..'..≈..)≈≈≈≈..'..#...
.....#..≈..)......#..#...


You could see a vault guard (combustible).

Vanquished Creatures
  A two-headed ogre (D:10)
  Pikel (D:5)
  A hornet (D:9)
  Prince Ribbit (D:6)
  A blink frog (Bailey)
  A shadow (D:9)
  A wyvern (D:9)
  A vampire (D:9)
  9 yaks
  4 humans (Bailey)
  Eustachio (D:6)
  A water moccasin (D:7)
  2 orc warriors
  A hornet zombie (D:5)
  An ice beast (D:5)
  2 black bears
  2 ogres (D:5)
  2 lemures
  A phantom (D:6)
  A kobold brigand (D:7)
  10 bullfrogs
  4 scorpions
  13 killer bees
  8 wights
  4 howler monkeys
  6 centaur zombies
  2 bullfrog zombies
  A bullfrog skeleton (D:5)
  4 hounds
  2 jellies (D:6)
  6 orc priests
  A gnoll shaman (D:6)
  8 orc wizards
  A centaur skeleton (D:7)
  A killer bee zombie (D:8)
  A hound skeleton (D:5)
  A howler monkey zombie (D:9)
  4 adders
  20 gnolls
  A shadow imp (D:6)
  A white imp (D:7)
  An ufetubus (D:7)
  An adder skeleton (D:4)
  A worm (D:2)
  3 dart slugs
  27 orcs
  6 endoplasms
  4 giant cockroaches
  11 hobgoblins
  13 kobolds
  2 quokkas
  2 bats
  3 frilled lizards
  8 goblins
  3 rats
219 creatures vanquished.

Vanquished Creatures (others)
  A jelly (D:5)
  775 foxfires
  4 plants (D:10)
780 creatures vanquished.

Grand Total: 999 creatures vanquished

Notes
Turn   | Place    | Note
-------+----------+-------------------------------------------
     0 | D:1      | funkygono the Human Fire Elementalist began the quest for
                  | the Orb.
     0 | D:1      | Reached XP level 1. HP: 13/13 MP: 3/3
   373 | D:1      | Reached XP level 2. HP: 19/19 MP: 0/5
   376 | D:1      | Learned a level 2 spell: Scorch
   995 | D:2      | Reached XP level 3. HP: 24/24 MP: 0/7
   999 | D:2      | Learned a level 3 spell: Conjure Flame
  1227 | D:2      | Found a faded altar of an unknown god.
  1528 | D:2      | Reached XP level 4. HP: 20/30 MP: 0/8
  2202 | D:3      | Found Alliazil's General Store.
  2243 | D:3      | Reached skill level 3 in Spellcasting
  2243 | D:3      | Reached XP level 5. HP: 35/35 MP: 0/9
  2258 | D:3      | Learned a level 4 spell: Flame Wave
  2488 | D:3      | Identified the +0 scale mail "Ociseb" {MP+9}
  2642 | D:3      | Reached XP level 6. HP: 41/41 MP: 3/11
  3180 | D:4      | Identified the +0 ring mail of the Nexus {rCorr Str+7
                  | Int+3}
  3294 | D:4      | Reached skill level 4 in Spellcasting
  3562 | D:4      | Found the +8 mithril axe "Arga" {speed, Will+}
  3572 | D:4      | Reached skill level 5 in Fire Magic
  3572 | D:4      | Reached XP level 7. HP: 37/46 MP: 6/13
  4186 | D:4      | Identified a scroll of acquirement
  4186 | D:4      | Acquired a ring of see invisible
  4199 | D:5      | Entered Level 5 of the Dungeon
  4276 | D:5      | Reached skill level 1 in Armour
  4387 | D:5      | Reached skill level 5 in Spellcasting
  4387 | D:5      | Reached XP level 8. HP: 20/52 MP: 3/15
  4396 | D:5      | HP: 2/52 [hornet zombie (9)]
  4858 | D:5      | Learned a level 6 spell: Starburst
  4933 | D:6      | Found Yxeata's General Store.
  5336 | D:6      | Noticed Prince Ribbit
  5338 | D:6      | Noticed Eustachio
  5583 | D:6      | Reached skill level 1 in Axes
  5718 | D:6      | Reached skill level 6 in Spellcasting
  6008 | D:6      | Killed Eustachio
  6009 | D:6      | Reached XP level 9. HP: 10/58 MP: 18/18
  6034 | D:6      | Killed Prince Ribbit
  6371 | D:6      | Found a runed translucent gate.
  6371 | D:6      | Found a runed translucent gate.
  6371 | D:6      | Found a runed translucent gate.
  6385 | D:6      | Noticed p0werm0de's ghost (novice MiCK)
  6386 | D:6      | Identified the +5 chain mail of Yesterday {rC+++}
  6470 | D:6      | Reached skill level 1 in Fighting
  6470 | D:6      | Reached skill level 5 in Conjurations
  6645 | D:6      | Noticed Pikel
  6829 | D:5      | Killed Pikel
  6830 | D:5      | Reached skill level 7 in Spellcasting
  7325 | D:7      | Reached XP level 10. HP: 51/65 MP: 6/21
  7451 | D:7      | Found a shimmering altar of Xom.
  7497 | D:7      | Found the +1 Delatra's gloves {ID++}
  7785 | D:7      | Found a staircase to the Ecumenical Temple.
  7801 | Temple   | Entered the Ecumenical Temple
  8006 | Temple   | Became a worshipper of Vehumet
  8578 | D:7      | Reached skill level 8 in Spellcasting
  8967 | D:7      | Found a runed translucent gate.
  8967 | D:7      | Found a runed translucent gate.
  8967 | D:7      | Found an opulent altar of Gozag.
  8968 | D:7      | Found a runed translucent gate.
  8968 | D:7      | Noticed esteth's ghost (novice HOGl)
  9640 | D:8      | Reached * piety under Vehumet
  9640 | D:8      | Offered knowledge of Freeze by Vehumet.
 10601 | D:9      | Reached XP level 11. HP: 67/72 MP: 23/23
 10643 | D:9      | Found a staircase to the Orcish Mines.
 11090 | D:10     | Entered Level 10 of the Dungeon
 11090 | D:10     | Found Laemueng's Book Shoppe.
 11102 | D:10     | Offered knowledge of Magic Dart by Vehumet.
 11103 | D:10     | Reached skill level 9 in Spellcasting
 11105 | D:10     | Reached ** piety under Vehumet
 11107 | D:10     | Reached skill level 5 in Armour
 11111 | D:10     | Noticed a two-headed ogre
 11316 | D:10     | Found Ubeexith's Distillery.
 11332 | D:10     | Found Wit Xaz's Armour Emporium.
 11337 | D:10     | Found Uwnabe's Antique Armour Boutique.
 11362 | D:10     | Noticed a two-headed ogre
 11370 | D:10     | Killed a two-headed ogre
 11586 | D:10     | Found a flagged portal.
 11673 | Bailey   | Entered a bailey
 11874 | Bailey   | Offered knowledge of Stone Arrow by Vehumet.
 11937 | Bailey   | Reached skill level 10 in Spellcasting
 12195 | Bailey   | Noticed a vault guard
 12210 | Bailey   | HP: 1/74 [vault guard (10)]
 12211 | Bailey   | Slain by a vault guard

Illustrated notes

Levels and vault maps discovered:
D:1:      wander_arrival_peaceful_grave, layout_loops_ring
D:2:      layout_basic, ebering_ecumenical_altar_abandoned, wad_floor_pattern_2
D:3:      layout_basic, serial_shops, nicolae_shop_behind_doors,
          minmay_checkerbox
D:4:      layout_basic
D:5:      layout_rooms, lemuel_flamethrower_2
D:6:      layout_cave_pods, serial_shops, nicolae_stop_n_shop_2,
          biasface_ghost_orc_armoury, chequers_mini_garden,
          chequers_serial_rivers_large_a, uniq_prince_ribbit1, uniq_pikel,
          uniq_eustachio
D:7:      layout_basic, mainiacjoe_overflow_cross_hatched,
          minmay_temple_entry_mini_moons, ebering_ghost_gozag
D:8:      layout_basic, minmay_statues_item, chequers_serial_rivers_marsh,
          minmay_stone_trees_large
D:9:      layout_cave_pools, orc_0_dummy, st_stairs_12
D:10:     layout_rooms, nicolae_hepliaklqana_ecumenical_no_more, enter_bailey_4,
          serial_shops, kennysheep_mini, nicolae_shop_crystal,
          nicolae_shop_statue_plus, nicolae_shop_stone, nicolae_stop_n_shop_1
Temple:   mainiacjoe_temple_big_plus
Bailey:   bailey_axe_froggy_fort_hellmonk, bailey

Skill      XL: |  1  2  3  4  5  6  7  8  9 10 11 |
---------------+----------------------------------+-----
Conjurations   | 2 3 4 5 6 7 |  7.2
Fire Magic     | 4 5 6 7 8 9 |  9.7
Spellcasting   | 3 4 5 6 7 8 10 | 10.0
Armour         | 1 2 3 4 5 |  5.6
Axes           | 1 2 3 4 |  4.0
Fighting       | 1 2 |  2.6
Dodging        | 3 |  3.3
Maces & Flails | |  0.1
Stealth        | |  2.0

Action                   |  1- 3 |  4- 6 |  7- 9 | 10-12 || total
-------------------------+-------+-------+-------+-------++-------
Melee: Whip              |     2 |       |       |       ||     2
       Flail             |       |     2 |       |       ||     2
       Broad axe         |       |       |    26 |    46 ||    72
       Punch             |       |       |       |     2 ||     2
 Cast: Foxfire           |    49 |    72 |   143 |   180 ||   444
       Scorch            |     2 |     8 |    39 |    55 ||   104
       Flame Wave        |       |       |       |    16 ||    16
  Use: Scroll            |       |       |    12 |     3 ||    15
       Potion            |       |       |     4 |     2 ||     6
Armor: Robe              |     2 |       |       |       ||     2
       Ring mail         |       |     2 |    24 |    68 ||    94
       Leather armour    |       |     1 |       |       ||     1
Dodge: Dodged            |     2 |     6 |    86 |   160 ||   254

Table legend: (Time is in decaauts)
 A = Elapsed time spent in this place.
 B = Non-inter-level travel time spent in this place.
 C = Inter-level travel time spent in this place.
 D = Time resting spent in this place.
 E = Time spent auto-exploring this place.
 F = Levels seen in this place.
 G = Mean time per level.
                   A        B        C        D        E       F      G
               +--------+--------+--------+--------+--------+-----+--------+
         Total |  12227 |  11994 |    233 |   1329 |   8781 |  12 | 1018.9 |
       Dungeon |  11241 |  11035 |    206 |    969 |   8337 |  10 | 1124.1 |
        Temple |    447 |    421 |     26 |      0 |    409 |   1 |  447.0 |
        Bailey |    538 |    538 |      0 |    360 |     35 |   1 |  538.0 |
               +--------+--------+--------+--------+--------+-----+--------+

Top non-repeatable levels by time:
     D:6: 1969 daAuts
     D:7: 1405 daAuts
     D:8: 1165 daAuts
     D:5: 1140 daAuts
     D:4: 1139 daAuts
     D:2: 1117 daAuts
     D:1: 980 daAuts
     D:9: 980 daAuts
     D:3: 958 daAuts
  Bailey: 538 daAuts
  Temple: 447 daAuts
    D:10: 384 daAuts
